NWL
TRI-CITY DUST DEVILS @ LEWISTON BRONCS
07/11/1982
 
TOP OF THE 1ST
Tri-City Dust Devils batting - Pitching for Lewiston Broncs : RHP Theo Shaw
Pitching: RHP Theo Shaw
Batting: LHB LaVel Freeman 0-0: Ball
1-0: Foul Ball, location: 2F
1-1: Ball
2-1: Ball
3-1: Foul Ball, location: 2F
3-2: Foul Ball, location: 2F
3-2: Fly out, F9 (Line Drive, 9, EV 105.6 MPH)
Batting: RHB J.B. Moore 0-0: Ball
1-0: Ball
2-0: Called Strike
2-1: Fly out, F3 (Popup, 34, EV 70.6 MPH)
Batting: RHB Desmond Brooks 0-0: Called Strike
0-1: Fly out, F7 (Flyball, 78S, EV 80.6 MPH)
Top of the 1st over - 0 runs, 0 hits, 0 errors, 0 left on base; Tri-City 0 - Lewiston 0
BOTTOM OF THE 1ST
Lewiston Broncs batting - Pitching for Tri-City Dust Devils : LHP Bobby Garcia
Pitching: LHP Bobby Garcia
Batting: LHB Wayne Kirby 0-0: Called Strike
0-1: Ball
1-1: Ball
2-1: SINGLE (Groundball, 34D, EV 103.8 MPH)
Batting: LHB Alex Hernandez 0-0: Ball
1-0: Fly out, F8 (Flyball, 78M, EV 91.9 MPH)
Batting: RHB Jeff Kunkel 0-0: Ball
1-0: Ball
2-0: Ball
3-0: Called Strike
3-1: Fly out, F7 (Flyball, 7LS, EV 89.4 MPH)
Batting: RHB Bruce Castoria 0-0: Ball
1-0: Foul Ball, location: 2F
1-1: Swinging Strike
1-2: Strikes out swinging
Bottom of the 1st over - 0 runs, 1 hit, 0 errors, 1 left on base; Tri-City 0 - Lewiston 0
TOP OF THE 2ND
Tri-City Dust Devils batting - Pitching for Lewiston Broncs : RHP Theo Shaw
Batting: LHB Rafael Codinach 0-0: Foul Ball, location: 2F
0-1: Ball
1-1: Ball
2-1: Ball
3-1: Called Strike
3-2: Base on Balls
Batting: RHB Felipe Hernandez 0-0: Ball
Wild Pitch!
Rafael Codinach to second
1-0: 2-RUN HOME RUN (Flyball, 7D, EV 102.5 MPH), Distance : 370 ft
Batting: LHB George Priftis 0-0: Ball
1-0: Ball
2-0: Called Strike
2-1: Foul Ball, location: 2F
2-2: Ball
3-2: Fly out, F8 (Flyball, 89D, EV 90.0 MPH)
Batting: LHB Daraka Shaheed 0-0: Ball
1-0: Ball
2-0: Ball
3-0: Base on Balls
Batting: RHB Dennis Glynn 0-0: Grounds into double play, 5-4-3 (Groundball, 56, EV 88.8 MPH)
Top of the 2nd over - 2 runs, 1 hit, 0 errors, 0 left on base; Tri-City 2 - Lewiston 0
BOTTOM OF THE 2ND
Lewiston Broncs batting - Pitching for Tri-City Dust Devils : LHP Bobby Garcia
Batting: RHB Sal D'Alessandro 0-0: Ball
1-0: SINGLE (Line Drive, 6D, EV 98.8 MPH)
Batting: RHB Steven Spalt 0-0: Ball
1-0: Foul Ball, location: 2F
1-1: Fly out, F7 (Flyball, 78D, EV 96.9 MPH)
Batting: RHB Jay Roberts 0-0: Ball
1-0: Foul Ball, location: 2F
1-1: Foul Ball, location: 2F
1-2: Strikes out looking
Batting: RHB Joaquin Gonzalez 0-0: Swinging Strike
0-1: Ball
1-1: Ball
2-1: Reached on error, E5 (Groundball, 56, EV 79.4 MPH)
Sal D'Alessandro to second
Batting: SHB Stephen Kowalski 0-0: Called Strike
0-1: Ball
1-1: Ball
2-1: Fielders Choice at 2nd, 6-4 (Groundball, 6, EV 87.5 MPH)
Bottom of the 2nd over - 0 runs, 1 hit, 1 error, 2 left on base; Tri-City 2 - Lewiston 0
TOP OF THE 3RD
Tri-City Dust Devils batting - Pitching for Lewiston Broncs : RHP Theo Shaw
Batting: RHB Gereld McDermott 0-0: Called Strike
0-1: Ground out 6-3 (Groundball, 6MS, EV 85.6 MPH)
Batting: LHB LaVel Freeman 0-0: Bunted foul
0-1: Called Strike
0-2: Ball
1-2: Strikes out swinging
Pitching: RHP Julio Romero
Batting: RHB J.B. Moore 0-0: Ball
1-0: Fly out, F7 (Flyball, 7D, EV 90.6 MPH)
Top of the 3rd over - 0 runs, 0 hits, 0 errors, 0 left on base; Tri-City 2 - Lewiston 0
BOTTOM OF THE 3RD
Lewiston Broncs batting - Pitching for Tri-City Dust Devils : LHP Bobby Garcia
Batting: LHB Wayne Kirby 0-0: Ball
1-0: Called Strike
1-1: Ground out 4-3 (Groundball, 4, EV 89.4 MPH)
Batting: LHB Alex Hernandez 0-0: Ball
1-0: Called Strike
1-1: Ball
2-1: Reached on error, E5 (Groundball, 56, EV 86.9 MPH)
Batting: RHB Jeff Kunkel 0-0: Ball
1-0: Ball
2-0: Ball
Alex Hernandez is caught stealing 3rd base 2-5
3-0: Called Strike
3-1: Called Strike
3-2: Strikes out swinging
Bottom of the 3rd over - 0 runs, 0 hits, 1 error, 0 left on base; Tri-City 2 - Lewiston 0
TOP OF THE 4TH
Tri-City Dust Devils batting - Pitching for Lewiston Broncs : RHP Julio Romero
Batting: RHB Desmond Brooks 0-0: Ball
1-0: Ball
2-0: Ball
3-0: Base on Balls
Batting: LHB Rafael Codinach 0-0: Called Strike
0-1: Ball
1-1: Ball
2-1: Hit by Pitch
Desmond Brooks to second
Batting: RHB Felipe Hernandez 0-0: Swinging Strike
0-1: Swinging Strike
0-2: Foul Ball, location: 2F
0-2: Ball
1-2: Strikes out looking
Batting: LHB George Priftis 0-0: Ball
1-0: Ball
Wild Pitch!
Desmond Brooks to third
Rafael Codinach to second
2-0: Ball
3-0: Base on Balls
Batting: LHB Daraka Shaheed 0-0: Ball
1-0: Ball
2-0: Ball
3-0: Base on Balls
Desmond Brooks scores
Rafael Codinach to third
George Priftis to second
Batting: RHB Dennis Glynn 0-0: Ball
1-0: GRAND SLAM HOME RUN (Flyball, 7D, EV 94.4 MPH), Distance : 357 ft
Pitching: RHP Scott Barnhouse
Batting: RHB Gereld McDermott 0-0: Called Strike
0-1: Ball
1-1: Foul Ball, location: 2F
1-2: Strikes out swinging
Batting: LHB LaVel Freeman 0-0: Foul Ball, location: 2F
0-1: Ball
1-1: DOUBLE (Flyball, 8LXD, EV 103.8 MPH)
Batting: RHB J.B. Moore 0-0: Ground out 5-3 (Groundball, 56, EV 89.4 MPH)
Top of the 4th over - 5 runs, 2 hits, 0 errors, 1 left on base; Tri-City 7 - Lewiston 0
BOTTOM OF THE 4TH
Lewiston Broncs batting - Pitching for Tri-City Dust Devils : LHP Bobby Garcia
Batting: RHB Bruce Castoria 0-0: Called Strike
0-1: Ball
1-1: Foul Ball, location: 2F
1-2: Ball
2-2: Strikes out swinging
Batting: RHB Sal D'Alessandro 0-0: Called Strike
0-1: SINGLE (Groundball, 56D, EV 97.5 MPH)
Batting: RHB Steven Spalt 0-0: Ball
1-0: Ball
2-0: Ball
3-0: Called Strike
3-1: Base on Balls
Sal D'Alessandro to second
Batting: RHB Jay Roberts 0-0: Fielders Choice at 2nd, 6-4 (Groundball, 56, EV 89.4 MPH)
Sal D'Alessandro to third
Batting: RHB Joaquin Gonzalez 0-0: Called Strike
0-1: Ball
1-1: SINGLE (Groundball, 34S, EV 68.1 MPH) (infield hit)
Sal D'Alessandro scores
Jay Roberts to second
Batting: SHB Stephen Kowalski 0-0: SINGLE (Line Drive, 8RS, EV 102.5 MPH)
Jay Roberts to third
Joaquin Gonzalez to second
Runner from 3rd tries for Home, SAFE, throw by CF to home
Batting: LHB Wayne Kirby 0-0: Ball
1-0: Ball
2-0: Foul Ball, location: 2F
2-1: Foul Ball, location: 2F
2-2: Ball
3-2: Ground out 5-3 (Groundball, 5L, EV 92.5 MPH)
Bottom of the 4th over - 2 runs, 3 hits, 0 errors, 2 left on base; Tri-City 7 - Lewiston 2
TOP OF THE 5TH
Tri-City Dust Devils batting - Pitching for Lewiston Broncs : RHP Scott Barnhouse
Batting: RHB Desmond Brooks 0-0: Ball
1-0: Ball
2-0: Called Strike
2-1: Ball
3-1: Swinging Strike
3-2: Foul Ball, location: 2F
3-2: Strikes out swinging
Batting: LHB Rafael Codinach 0-0: Fly out, F8 (Flyball, 8LD, EV 91.3 MPH)
Batting: RHB Felipe Hernandez 0-0: Ball
1-0: Called Strike
1-1: Swinging Strike
1-2: Strikes out swinging
Top of the 5th over - 0 runs, 0 hits, 0 errors, 0 left on base; Tri-City 7 - Lewiston 2
BOTTOM OF THE 5TH
Lewiston Broncs batting - Pitching for Tri-City Dust Devils : LHP Bobby Garcia
Batting: LHB Alex Hernandez 0-0: Ball
1-0: Ground out 6-3 (Groundball, 6, EV 101.3 MPH)
Batting: RHB Jeff Kunkel 0-0: Called Strike
0-1: Ball
1-1: SINGLE (Flyball, 9LS, EV 91.3 MPH)
Batting: RHB Bruce Castoria 0-0: Called Strike
0-1: DOUBLE (Line Drive, 89M, EV 110.6 MPH)
Jeff Kunkel to third
Runner from 3rd tries for Home, SAFE, throw by CF to trailing runner, SAFE at third!
Batting: RHB Sal D'Alessandro 0-0: Called Strike
0-1: Swinging Strike
0-2: Ball
1-2: SINGLE (Groundball, 6MD, EV 93.8 MPH)
Bruce Castoria scores
Batting: RHB Steven Spalt 0-0: Called Strike
0-1: Foul Ball, location: 2F
0-2: Ball
1-2: Fly out, F8 (Flyball, 78D, EV 105.0 MPH)
Batting: RHB Jay Roberts 0-0: Swinging Strike
0-1: Ball
1-1: Ball
2-1: Called Strike
2-2: Fly out, F9 (Flyball, 89M, EV 88.1 MPH)
Bottom of the 5th over - 2 runs, 3 hits, 0 errors, 1 left on base; Tri-City 7 - Lewiston 4
TOP OF THE 6TH
Tri-City Dust Devils batting - Pitching for Lewiston Broncs : RHP Scott Barnhouse
Batting: LHB George Priftis 0-0: Ball
1-0: Foul Ball, location: 2F
1-1: Ball
2-1: SOLO HOME RUN (Flyball, 89XD, EV 103.8 MPH), Distance : 395 ft
Batting: LHB Daraka Shaheed 0-0: Ball
1-0: Ball
2-0: Foul Ball, location: 2F
2-1: Ball
3-1: Called Strike
3-2: Ground out 4-3 (Groundball, 34, EV 101.9 MPH)
Batting: RHB Dennis Glynn 0-0: Foul Ball, location: 2F
0-1: Swinging Strike
0-2: Ball
1-2: Ball
2-2: Foul Ball, location: 2F
2-2: Ground out 4-3 (Groundball, 34, EV 85.0 MPH)
Batting: RHB Gereld McDermott 0-0: Ball
1-0: Foul Ball, location: 2F
1-1: Ground out 5-3 (Groundball, 56, EV 85.0 MPH)
Top of the 6th over - 1 run, 1 hit, 0 errors, 0 left on base; Tri-City 8 - Lewiston 4
BOTTOM OF THE 6TH
Lewiston Broncs batting - Pitching for Tri-City Dust Devils : LHP Bobby Garcia
Batting: RHB Joaquin Gonzalez 0-0: Ball
1-0: Ball
2-0: Called Strike
2-1: Foul Ball, location: 2F
2-2: Foul Ball, location: 2F
2-2: Ball
3-2: Foul Ball, location: 2F
3-2: SINGLE (Line Drive, 8LS, EV 91.9 MPH)
Batting: SHB Stephen Kowalski 0-0: Ball
1-0: Foul Ball, location: 2F
1-1: Foul Ball, location: 2F
1-2: Strikes out swinging
Batting: LHB Wayne Kirby 0-0: Foul Ball, location: 2F
0-1: Ball
1-1: Fielders Choice at 2nd, 4-6 (Groundball, 4M, EV 78.8 MPH)
Batting: LHB Alex Hernandez 0-0: Called Strike
0-1: Called Strike
0-2: Ball
1-2: Ball
2-2: Strikes out swinging
Bottom of the 6th over - 0 runs, 1 hit, 0 errors, 1 left on base; Tri-City 8 - Lewiston 4
TOP OF THE 7TH
Tri-City Dust Devils batting - Pitching for Lewiston Broncs : RHP Scott Barnhouse
Batting: LHB LaVel Freeman 0-0: Called Strike
0-1: Ball
1-1: Ball
2-1: Foul Ball, location: 2F
2-2: Strikes out looking
Batting: RHB J.B. Moore 0-0: Foul Ball, location: 2F
0-1: Called Strike
0-2: Strikes out looking
Batting: RHB Desmond Brooks 0-0: Ball
1-0: Swinging Strike
1-1: Foul Ball, location: 2F
1-2: Foul Ball, location: 2F
1-2: Ball
2-2: Reached on error, E4 (Popup, 4MD, EV 50.0 MPH)
Pitching: RHP Philip Pulido
Batting: LHB Rafael Codinach 0-0: Ball
1-0: Called Strike
1-1: Fly out, F6 (Flyball, 6D, EV 93.8 MPH)
Top of the 7th over - 0 runs, 0 hits, 1 error, 1 left on base; Tri-City 8 - Lewiston 4
BOTTOM OF THE 7TH
Lewiston Broncs batting - Pitching for Tri-City Dust Devils : LHP Bobby Garcia
Batting: RHB Jeff Kunkel 0-0: Called Strike
0-1: Ball
1-1: Fly out, F9 (Flyball, 9D, EV 82.5 MPH)
Batting: RHB Bruce Castoria 0-0: Called Strike
0-1: Ball
1-1: Ball
2-1: Ball
3-1: Called Strike
3-2: Base on Balls
Batting: RHB Sal D'Alessandro 0-0: Foul Ball, location: 2F
0-1: Ball
1-1: Ball
2-1: Foul Ball, location: 2F
2-2: Foul Ball, location: 2F
2-2: Grounds into double play, 5-4-3 (Groundball, 5, EV 103.8 MPH)
Bottom of the 7th over - 0 runs, 0 hits, 0 errors, 0 left on base; Tri-City 8 - Lewiston 4
TOP OF THE 8TH
Tri-City Dust Devils batting - Pitching for Lewiston Broncs : RHP Philip Pulido
Batting: RHB Felipe Hernandez 0-0: Ground out 4-3 (Groundball, 34, EV 102.5 MPH)
Batting: LHB George Priftis 0-0: Ball
1-0: Ground out 6-3 (Groundball, 6, EV 101.3 MPH)
Batting: LHB Daraka Shaheed 0-0: Ball
1-0: Swinging Strike
1-1: Foul Ball, location: 2F
1-2: Ball
2-2: Foul Ball, location: 2F
2-2: Strikes out swinging
Top of the 8th over - 0 runs, 0 hits, 0 errors, 0 left on base; Tri-City 8 - Lewiston 4
BOTTOM OF THE 8TH
Lewiston Broncs batting - Pitching for Tri-City Dust Devils : LHP Bobby Garcia
Batting: RHB Steven Spalt 0-0: Swinging Strike
0-1: Foul Ball, location: 2F
0-2: Ball
1-2: Ball
2-2: Foul Ball, location: 2F
2-2: Ball
3-2: SINGLE (Groundball, 6D, EV 94.4 MPH)
Batting: RHB Jay Roberts 0-0: Ball
1-0: Ball
2-0: Swinging Strike
2-1: Fielders Choice at 2nd, 5-4 (Groundball, 5S, EV 90.0 MPH)
Batting: RHB Joaquin Gonzalez 0-0: Foul Ball, location: 2F
0-1: Ball
1-1: Foul Ball, location: 2F
1-2: Foul Ball, location: 2F
1-2: Fly out, F8 (Flyball, 78D, EV 76.3 MPH)
Batting: SHB Stephen Kowalski 0-0: Ball
1-0: Ball
2-0: Ball
3-0: Base on Balls
Jay Roberts to second
Batting: LHB Wayne Kirby 0-0: Called Strike
0-1: Ball
1-1: Ball
2-1: Fielders Choice at 2nd, 6-4 (Groundball, 6, EV 104.4 MPH)
Bottom of the 8th over - 0 runs, 1 hit, 0 errors, 2 left on base; Tri-City 8 - Lewiston 4
TOP OF THE 9TH
Tri-City Dust Devils batting - Pitching for Lewiston Broncs : RHP Philip Pulido
Batting: RHB Dennis Glynn 0-0: Swinging Strike
0-1: Swinging Strike
0-2: Strikes out swinging
Batting: RHB Gereld McDermott 0-0: Called Strike
0-1: Foul Ball, location: 2F
0-2: Strikes out swinging, 2-3 out at first.
Batting: LHB LaVel Freeman 0-0: Called Strike
0-1: Foul Ball, location: 2F
0-2: Foul Ball, location: 2F
0-2: Ball
1-2: Ball
2-2: Foul Ball, location: 2F
2-2: TRIPLE (Flyball, 78XD, EV 104.4 MPH)
Batting: RHB J.B. Moore 0-0: SINGLE (Flyball, 78S, EV 85.6 MPH)
LaVel Freeman scores
Batting: RHB Desmond Brooks 0-0: Ball
1-0: Swinging Strike
1-1: Ball
2-1: Foul Ball, location: 2F
2-2: Ball
3-2: Base on Balls
J.B. Moore to second
Batting: LHB Rafael Codinach 0-0: Called Strike
0-1: Foul Ball, location: 2F
0-2: Fly out, F3 (Line Drive, 3, EV 60.0 MPH)
Top of the 9th over - 1 run, 2 hits, 0 errors, 2 left on base; Tri-City 9 - Lewiston 4
BOTTOM OF THE 9TH
Lewiston Broncs batting - Pitching for Tri-City Dust Devils : LHP Bobby Garcia
Pitching: RHP Rich Doyle
Batting: LHB Alex Hernandez 0-0: Foul Ball, location: 2F
0-1: Ball
1-1: Ball
2-1: Ground out 6-3 (Groundball, 6, EV 103.1 MPH)
Batting: RHB Jeff Kunkel 0-0: SOLO HOME RUN (Flyball, 78XD, EV 105.6 MPH), Distance : 415 ft
Batting: RHB Bruce Castoria 0-0: Ball
1-0: SINGLE (Groundball, 56D, EV 106.9 MPH)
Batting: RHB Sal D'Alessandro 0-0: Ball
1-0: Grounds into double play, 4-6-3 (Groundball, 34, EV 80.0 MPH)
Bottom of the 9th over - 1 run, 2 hits, 0 errors, 0 left on base; Tri-City 9 - Lewiston 5
Friday, August 14th, 2020 - OOTP Baseball 21.5 Build 76